TOP OF THE 1ST |
Ottawa Nationals batting - Pitching for Durham Rapiers : RHP Antony Durney
|
Pitching: RHP Antony Durney
|
|
Batting: SHB Júlio Moreno
|
0-0: Ball 1-0: Foul Ball, location: 2F 1-1: Foul Ball, location: 2F 1-2: Fly out, F7 (Flyball, 7S, EV 92.5 MPH)
|
Batting: LHB Juan Rodríguez
|
0-0: Fly out, F7 (Line Drive, 7, EV 91.2 MPH)
|
Batting: RHB Jorge Ozezera
|
0-0: Called Strike 0-1: Foul Ball, location: 2F 0-2: Ball 1-2: SINGLE (Line Drive, 4D, EV 100.0 MPH)
|
Batting: LHB Tony Goodwin
|
0-0: Ball Jorge Ozezera steals 2nd base 1-0: Ball 2-0: Ball 3-0: Called Strike 3-1: Base on Balls
|
Batting: RHB Sallvador Rebola
|
0-0: Ball 1-0: Fly out, F7 (Flyball, 7, EV 90.0 MPH)
|
Top of the 1st over - 0 runs, 1 hit, 0 errors, 2 left on base; Ottawa 0 - Durham 0 |
BOTTOM OF THE 1ST |
Durham Rapiers batting - Pitching for Ottawa Nationals : RHP Juan Ramírez
|
Pitching: RHP Juan Ramírez
|
|
Batting: LHB Blake Browning
|
0-0: Ball 1-0: Bunted foul 1-1: Ball 2-1: Ball 3-1: Called Strike 3-2: SINGLE (Line Drive, 7S, EV 98.8 MPH)
|
Batting: RHB Jaxton Goleta
|
0-0: Ball Blake Browning steals 2nd base 1-0: Foul Ball, location: 2F 1-1: Fly out, F3 (Popup, 34, EV 63.1 MPH)
|
Batting: RHB Tsuneari Hirano
|
0-0: Called Strike 0-1: Ball 1-1: Foul Ball, location: 2F 1-2: SINGLE (Groundball, 56D, EV 99.4 MPH) Blake Browning to third Runner from 3rd tries for Home, SAFE, no throw by LF
|
Batting: SHB Kolby Hay
|
0-0: Ball 1-0: Ball 2-0: Called Strike 2-1: Foul Ball, location: 2F 2-2: Strikes out looking
|
Batting: RHB Kevin Bates
|
0-0: Ball 1-0: Fly out, F9 (Flyball, 9LMF, EV 91.2 MPH)
|
Bottom of the 1st over - 1 run, 2 hits, 0 errors, 1 left on base; Ottawa 0 - Durham 1 |
TOP OF THE 2ND |
Ottawa Nationals batting - Pitching for Durham Rapiers : RHP Antony Durney
|
Batting: RHB Cary Collins
|
0-0: Ball 1-0: Fly out, F7 (Flyball, 7D, EV 103.1 MPH)
|
Batting: RHB Cheh Zhi
|
0-0: Called Strike 0-1: Ball 1-1: Ball 2-1: Called Strike 2-2: Fly out, F8 (Flyball, 8RD, EV 73.8 MPH)
|
Batting: RHB Gary Goodwin
|
0-0: DOUBLE (Line Drive, 5D, EV 105.6 MPH)
|
Batting: RHB Manuel Vroonland
|
0-0: Ball 1-0: Called Strike 1-1: Foul Ball, location: 2F 1-2: Foul Ball, location: 2F 1-2: Ball 2-2: Foul Ball, location: 2F 2-2: Fly out, F6 (Line Drive, 6, EV 64.4 MPH)
|
Top of the 2nd over - 0 runs, 1 hit, 0 errors, 1 left on base; Ottawa 0 - Durham 1 |
BOTTOM OF THE 2ND |
Durham Rapiers batting - Pitching for Ottawa Nationals : RHP Juan Ramírez
|
Batting: RHB Bearooz Yacoobi
|
0-0: Ball 1-0: Called Strike 1-1: Called Strike 1-2: Foul Ball, location: 2F 1-2: Strikes out swinging
|
Batting: RHB Brandon Palmer
|
0-0: Ball 1-0: Ball 2-0: Called Strike 2-1: SINGLE (Groundball, 4D, EV 98.1 MPH)
|
Batting: SHB Rafael González
|
0-0: SINGLE (Line Drive, 89S, EV 111.2 MPH) Brandon Palmer to second
|
Batting: RHB Marvin Strickland
|
0-0: Fly out, F8 (Line Drive, 8LD, EV 88.8 MPH)
|
Batting: LHB Blake Browning
|
0-0: Ball 1-0: Swinging Strike 1-1: Ball 2-1: Foul Ball, location: 2F 2-2: Reached on error, E3 (Groundball, 3, EV 81.2 MPH) Brandon Palmer to third Rafael González to second
|
Batting: RHB Jaxton Goleta
|
0-0: Swinging Strike 0-1: Ball 1-1: Swinging Strike 1-2: Ground out 4-3 (Groundball, 4, EV 101.2 MPH)
|
Bottom of the 2nd over - 0 runs, 2 hits, 1 error, 3 left on base; Ottawa 0 - Durham 1 |
TOP OF THE 3RD |
Ottawa Nationals batting - Pitching for Durham Rapiers : RHP Antony Durney
|
Batting: SHB Júlio Moreno
|
0-0: Ball 1-0: Ball 2-0: SINGLE (Line Drive, 9S, EV 93.8 MPH)
|
Batting: LHB Juan Rodríguez
|
0-0: Ball 1-0: Ball 2-0: Called Strike 2-1: SINGLE (Line Drive, 8LS, EV 94.4 MPH) Júlio Moreno to second Runner from 2nd tries for 3rd, SAFE, throw by CF made to third
|
Batting: RHB Jorge Ozezera
|
0-0: Fielders Choice at 2nd, 5-4 (Groundball, 56, EV 86.9 MPH) Júlio Moreno scores
|
Batting: LHB Tony Goodwin
|
0-0: Called Strike 0-1: Ball 1-1: Ball Wild Pitch! Jorge Ozezera to second 2-1: Ball 3-1: DOUBLE (Line Drive, 78D, EV 105.6 MPH) Jorge Ozezera scores
|
Batting: RHB Sallvador Rebola
|
0-0: Ball 1-0: Fly out, F7 (Flyball, 7, EV 90.0 MPH)
|
Batting: RHB Cary Collins
|
0-0: Called Strike 0-1: Swinging Strike 0-2: Ball 1-2: Fly out, F4 (Flyball, 4D, EV 86.9 MPH)
|
Top of the 3rd over - 2 runs, 3 hits, 0 errors, 1 left on base; Ottawa 2 - Durham 1 |
BOTTOM OF THE 3RD |
Durham Rapiers batting - Pitching for Ottawa Nationals : RHP Juan Ramírez
|
Batting: RHB Tsuneari Hirano
|
0-0: Ball 1-0: Ball 2-0: SOLO HOME RUN (Flyball, 78XD, EV 100.6 MPH), Distance : 417 ft
|
Batting: SHB Kolby Hay
|
0-0: Ball 1-0: Foul Ball, location: 2F 1-1: DOUBLE (Line Drive, 78D, EV 108.1 MPH)
|
Batting: RHB Kevin Bates
|
0-0: Ball 1-0: Called Strike 1-1: Called Strike 1-2: Foul Ball, location: 2F 1-2: SINGLE (Line Drive, 9LS, EV 106.2 MPH) Kolby Hay to third
|
Batting: RHB Bearooz Yacoobi
|
0-0: Ball 1-0: Ball 2-0: Foul Ball, location: 2F 2-1: Fly out, F8 (Flyball, 8RXD, EV 95.0 MPH) Runner from 3rd tags up, SCORES, no throw by CF
|
Batting: RHB Brandon Palmer
|
0-0: Ball 1-0: Swinging Strike 1-1: Fly out, F7 (Flyball, 78M, EV 95.6 MPH)
|
Batting: SHB Rafael González
|
0-0: Swinging Strike 0-1: Ball 1-1: Ball 2-1: Foul Ball, location: 2F 2-2: Ground out 4-3 (Groundball, 34, EV 81.2 MPH)
|
Bottom of the 3rd over - 2 runs, 3 hits, 0 errors, 1 left on base; Ottawa 2 - Durham 3 |
TOP OF THE 4TH |
Ottawa Nationals batting - Pitching for Durham Rapiers : RHP Antony Durney
|
Batting: RHB Cheh Zhi
|
0-0: Ball 1-0: Called Strike 1-1: Ball 2-1: SINGLE (Line Drive, 56D, EV 100.0 MPH)
|
Batting: RHB Gary Goodwin
|
0-0: Called Strike 0-1: SINGLE (Line Drive, 89S, EV 87.5 MPH) Cheh Zhi to second Runner from 2nd tries for 3rd, SAFE, throw by RF made to third
|
Batting: RHB Manuel Vroonland
|
0-0: Called Strike 0-1: Foul Ball, location: 2F 0-2: Ball 1-2: Grounds into double play, 1-6-3 (Groundball, 34S, EV 90.0 MPH)
|
Batting: SHB Júlio Moreno
|
0-0: Ball 1-0: Ground out 4-3 (Groundball, 4, EV 79.4 MPH)
|
Top of the 4th over - 0 runs, 2 hits, 0 errors, 1 left on base; Ottawa 2 - Durham 3 |
BOTTOM OF THE 4TH |
Durham Rapiers batting - Pitching for Ottawa Nationals : RHP Juan Ramírez
|
Batting: RHB Marvin Strickland
|
0-0: Called Strike 0-1: Ball 1-1: SINGLE (Line Drive, 89M, EV 94.4 MPH)
|
Batting: LHB Blake Browning
|
0-0: SINGLE (Groundball, 56D, EV 106.9 MPH) Marvin Strickland to second
|
Batting: RHB Jaxton Goleta
|
0-0: Foul Ball, location: 2F 0-1: Ball 1-1: Called Strike 1-2: Foul Ball, location: 2F 1-2: Ball 2-2: Fielders Choice at 2nd, 4-6 (Groundball, 4, EV 84.4 MPH) Marvin Strickland to third
|
Batting: RHB Tsuneari Hirano
|
0-0: Ball 1-0: Called Strike 1-1: Swinging Strike 1-2: Foul Ball, location: 2F 1-2: Ball 2-2: Ball 3-2: Base on Balls Jaxton Goleta to second
|
Pitching: LHP Nelson Martínez
|
|
Batting: SHB Kolby Hay
|
0-0: SINGLE (Line Drive, 89S, EV 106.2 MPH) Marvin Strickland scores Jaxton Goleta to third Tsuneari Hirano to second
|
Batting: RHB Kevin Bates
|
0-0: Ball 1-0: Fly out, F4 (Popup, 3DF, EV 44.4 MPH)
|
Batting: RHB Bearooz Yacoobi
|
0-0: Ball 1-0: Ball 2-0: Foul Ball, location: 2F 2-1: Fly out, F8 (Line Drive, 78M, EV 91.2 MPH)
|
Bottom of the 4th over - 1 run, 3 hits, 0 errors, 3 left on base; Ottawa 2 - Durham 4 |
TOP OF THE 5TH |
Ottawa Nationals batting - Pitching for Durham Rapiers : RHP Antony Durney
|
Batting: LHB Juan Rodríguez
|
0-0: Ball 1-0: Ball 2-0: Fly out, F8 (Flyball, 78S, EV 88.8 MPH)
|
Batting: RHB Jorge Ozezera
|
0-0: Ball 1-0: Ball 2-0: Ball 3-0: Called Strike 3-1: SINGLE (Line Drive, 7S, EV 95.0 MPH)
|
Batting: LHB Tony Goodwin
|
0-0: Called Strike 0-1: Foul Ball, location: 2F 0-2: Strikes out swinging
|
Batting: RHB Sallvador Rebola
|
0-0: Ball 1-0: Ball Jorge Ozezera steals 2nd, throwing error, E2 Jorge Ozezera to third 2-0: Ball 3-0: Called Strike 3-1: Ground out U3 (Groundball, 3S, EV 85.6 MPH)
|
Top of the 5th over - 0 runs, 1 hit, 1 error, 1 left on base; Ottawa 2 - Durham 4 |
BOTTOM OF THE 5TH |
Durham Rapiers batting - Pitching for Ottawa Nationals : LHP Nelson Martínez
|
Batting: RHB Brandon Palmer
|
0-0: Ball 1-0: Ball 2-0: Foul Ball, location: 2F 2-1: Ball 3-1: Ground out 6-3 (Groundball, 6M, EV 81.2 MPH)
|
Batting: SHB Rafael González
|
0-0: Ball 1-0: Fly out, F4 (Flyball, 34D, EV 91.2 MPH)
|
Batting: RHB Marvin Strickland
|
0-0: Swinging Strike 0-1: Foul Ball, location: 2F 0-2: Ball 1-2: Fly out, F8 (Flyball, 8RS, EV 88.8 MPH)
|
Bottom of the 5th over - 0 runs, 0 hits, 0 errors, 0 left on base; Ottawa 2 - Durham 4 |
TOP OF THE 6TH |
Ottawa Nationals batting - Pitching for Durham Rapiers : RHP Antony Durney
|
Batting: RHB Cary Collins
|
0-0: Foul Ball, location: 2F 0-1: Ball 1-1: Swinging Strike 1-2: Strikes out swinging
|
Batting: RHB Cheh Zhi
|
0-0: Called Strike 0-1: Ball 1-1: Foul Ball, location: 2F 1-2: SINGLE (Line Drive, 78S, EV 99.4 MPH)
|
Pitching: RHP Finley Berose
|
|
Batting: RHB Gary Goodwin
|
0-0: Called Strike 0-1: Ball 1-1: Ball 2-1: Ball 3-1: Foul Ball, location: 2F 3-2: Strikes out swinging
|
Batting: RHB Manuel Vroonland
|
0-0: Ball 1-0: Foul Ball, location: 2F 1-1: Ball 2-1: Ball 3-1: Ground out U3 (Groundball, 3, EV 108.1 MPH)
|
Top of the 6th over - 0 runs, 1 hit, 0 errors, 1 left on base; Ottawa 2 - Durham 4 |
BOTTOM OF THE 6TH |
Durham Rapiers batting - Pitching for Ottawa Nationals : LHP Nelson Martínez
|
Batting: LHB Blake Browning
|
0-0: Ball 1-0: Ground out 4-3 (Groundball, 4, EV 91.9 MPH)
|
Batting: RHB Jaxton Goleta
|
0-0: Ball 1-0: DOUBLE (Line Drive, 5D, EV 98.8 MPH)
|
Batting: RHB Tsuneari Hirano
|
0-0: Ball 1-0: Fly out, F9 (Line Drive, 9D, EV 90.6 MPH) Runner from 2nd tags up, SAFE at 3rd, no throw by RF
|
Batting: SHB Kolby Hay
|
0-0: Swinging Strike 0-1: Ball 1-1: Ball 2-1: Foul Ball, location: 2F 2-2: Fly out, F9 (Flyball, 9D, EV 95.0 MPH)
|
Bottom of the 6th over - 0 runs, 1 hit, 0 errors, 1 left on base; Ottawa 2 - Durham 4 |
TOP OF THE 7TH |
Ottawa Nationals batting - Pitching for Durham Rapiers : RHP Finley Berose
|
Batting: SHB Júlio Moreno
|
0-0: Ground out 4-3 (Groundball, 4, EV 99.4 MPH)
|
Batting: LHB Juan Rodríguez
|
0-0: Called Strike 0-1: Ball 1-1: Ball 2-1: Ball 3-1: Base on Balls
|
Batting: RHB Jorge Ozezera
|
0-0: Swinging Strike 0-1: Swinging Strike 0-2: Ball 1-2: Ball 2-2: Strikes out swinging
|
Batting: LHB Tony Goodwin
|
0-0: Ball 1-0: Called Strike 1-1: Swinging Strike 1-2: Ball 2-2: Ball 3-2: Base on Balls Juan Rodríguez to second
|
Batting: RHB Sallvador Rebola
|
0-0: Called Strike 0-1: Ball 1-1: SINGLE (Groundball, 34D, EV 105.0 MPH) Juan Rodríguez to third Tony Goodwin to second Runner from 3rd tries for Home, SAFE, no throw by RF
|
Batting: RHB Cary Collins
|
0-0: Ball 1-0: Called Strike 1-1: Ball 2-1: Foul Ball, location: 2F 2-2: Ball 3-2: Foul Ball, location: 2F 3-2: Foul Ball, location: 2F 3-2: Fly out, F8 (Flyball, 8LD, EV 81.9 MPH)
|
Top of the 7th over - 1 run, 1 hit, 0 errors, 2 left on base; Ottawa 3 - Durham 4 |
BOTTOM OF THE 7TH |
Durham Rapiers batting - Pitching for Ottawa Nationals : LHP Nelson Martínez
|
Batting: RHB Kevin Bates
|
0-0: Called Strike 0-1: Called Strike 0-2: Fly out, F9 (Flyball, 9D, EV 96.2 MPH)
|
Batting: RHB Bearooz Yacoobi
|
0-0: Ball 1-0: Ball 2-0: Ball 3-0: Called Strike 3-1: Base on Balls
|
Batting: RHB Brandon Palmer
|
0-0: Ball Wild Pitch! Bearooz Yacoobi to second 1-0: Called Strike 1-1: Foul Ball, location: 2F 1-2: Foul Ball, location: 2F 1-2: Ball 2-2: Ball 3-2: Foul Ball, location: 2F 3-2: Fly out, F3 (Popup, 3SF, EV 75.0 MPH)
|
Batting: SHB Rafael González
|
0-0: Fly out, F3 (Flyball, 3D, EV 90.0 MPH)
|
Bottom of the 7th over - 0 runs, 0 hits, 0 errors, 1 left on base; Ottawa 3 - Durham 4 |
TOP OF THE 8TH |
Ottawa Nationals batting - Pitching for Durham Rapiers : RHP Finley Berose
|
Now at 3B: Guo-liang Ye
|
|
Batting: RHB Cheh Zhi
|
0-0: Fly out, F9 (Line Drive, 9, EV 87.5 MPH)
|
Batting: RHB Gary Goodwin
|
0-0: Called Strike 0-1: Fly out, F7 (Flyball, 7LS, EV 75.6 MPH)
|
Batting: RHB Manuel Vroonland
|
0-0: Ball 1-0: Ball 2-0: Foul Ball, location: 2F 2-1: Called Strike 2-2: Foul Ball, location: 2F 2-2: Foul Ball, location: 2F 2-2: Strikes out swinging
|
Top of the 8th over - 0 runs, 0 hits, 0 errors, 0 left on base; Ottawa 3 - Durham 4 |
BOTTOM OF THE 8TH |
Durham Rapiers batting - Pitching for Ottawa Nationals : LHP Nelson Martínez
|
Batting: RHB Marvin Strickland
|
0-0: Ball 1-0: Ball 2-0: Called Strike 2-1: Ball 3-1: Base on Balls
|
Pitching: RHP Aki Sato
|
|
Batting: LHB Blake Browning
|
0-0: Sac Bunt to 15S - play at second, runner safe!
|
Pinch Runner at 2nd Huai-yi Yang:
|
|
Batting: RHB Jaxton Goleta
|
0-0: Sac Bunt to 25 - play at third, runner OUT! 5-6 Blake Browning to second
|
Batting: RHB Tsuneari Hirano
|
0-0: Ball Blake Browning is caught stealing 3rd base 2-5 1-0: Ball 2-0: Fielders Choice at 2nd, 6-4 (Groundball, 6, EV 83.1 MPH)
|
Bottom of the 8th over - 0 runs, 0 hits, 0 errors, 1 left on base; Ottawa 3 - Durham 4 |
TOP OF THE 9TH |
Ottawa Nationals batting - Pitching for Durham Rapiers : RHP Finley Berose
|
Pitching: LHP Curt Moore
|
|
Now at 1B: John Wilder
|
|
Batting: SHB Júlio Moreno
|
0-0: Ball 1-0: Foul Ball, location: 2F 1-1: Ball 2-1: Fly out, F5 (Line Drive, 5, EV 72.5 MPH)
|
Batting: LHB Juan Rodríguez
|
0-0: Called Strike 0-1: Called Strike 0-2: Strikes out looking
|
Batting: RHB Jorge Ozezera
|
0-0: Ball 1-0: Ground out 1-3 (Groundball, 13S, EV 69.4 MPH)
|
Top of the 9th over - 0 runs, 0 hits, 0 errors, 0 left on base; Ottawa 3 - Durham 4 |
|